 Dungeon Crawl Stone Soup version 0.25.1-2-g60ff931df9 (webtiles) character file.

Game seed: 5182692650503499775

214 raphialitos the Charmwright (level 5, -1/43 HPs)
             Began as a Gnoll Skald on Oct 6, 2020.
             Slain by Pikel
             ... wielding a +1 whip of freezing
              (3 damage)
             ... on level 4 of the Dungeon.
             The game lasted 00:07:38 (3573 turns).

raphialitos the Charmwright (Gnoll Skald)           Turns: 3573, Time: 00:07:39

Health: -1/43      AC:  6    Str: 15    XL:     5   Next: 92%
Magic:  7/12       EV: 14    Int: 15    God:
Gold:   159        SH:  0    Dex: 14    Spells: 3/14 levels left

rFire    . . .     SeeInvis .   a - +1 mace
rCold    . . .     Gourm    .   (no shield)
rNeg     . . .     Faith    .   b - +1 leather armour
rPois    .         Spirit   .   i - +1 helmet
rElec    .         Reflect  .   (no cloak)
rCorr    .         Harm     .   (no gloves)
MR       .....                  (no boots)
Stlth    ++........             (no amulet)
HPRegen  0.14/turn              (no ring)
MPRegen  0.13/turn              (no ring)

@: no status effects
A: distributed training, fangs 1, strong nose
a: no special abilities


You were on level 4 of the Dungeon.
You were hungry.

You visited 1 branch of the dungeon, and saw 4 of its levels.

You collected 159 gold pieces.

Inventory:

Hand Weapons
 a - a +1 mace (weapon)
Missiles
 c - 38 arrows
 m - 14 bolts
Armour
 b - a +1 leather armour (worn)
 i - a +1 helmet (worn)
Scrolls
 e - a scroll of enchant armour
 h - a scroll of remove curse
 j - a scroll of fear {unknown}
Potions
 g - a potion of might {unknown}
 l - a potion of degeneration {unknown}
 o - a potion of berserk rage {unknown}
 s - a potion of invisibility {unknown}
Comestibles
 d - 6 rations


   Skills:
 + Level 4.8 Fighting
 + Level 1.6 Short Blades
 + Level 1.6 Long Blades
 + Level 1.6 Axes
 + Level 4.8 Maces & Flails
 + Level 1.6 Polearms
 + Level 1.6 Staves
 + Level 1.6 Slings
 + Level 1.6 Bows
 + Level 1.6 Crossbows
 + Level 1.6 Throwing
 + Level 3.1 Armour
 + Level 4.8 Dodging
 + Level 1.6 Stealth
 + Level 1.6 Shields
 + Level 1.6 Unarmed Combat
 + Level 5.2 Spellcasting
 + Level 1.3 Conjurations
 + Level 1.3 Hexes
 + Level 5.6 Charms
 + Level 1.3 Summonings
 + Level 1.3 Necromancy
 + Level 1.3 Translocations
 + Level 1.3 Transmutations
 + Level 1.3 Fire Magic
 + Level 1.3 Ice Magic
 + Level 1.3 Air Magic
 + Level 1.3 Earth Magic
 + Level 1.3 Poison Magic
 + Level 1.9 Invocations
 + Level 1.6 Evocations


You had 3 spell levels left.
You knew the following spells:

 Your Spells              Type           Power        Failure   Level  Hunger
a - Infusion              Chrm           ###.         1%          1    None
b - Song of Slaying       Chrm           ###.....     3%          2    ##.....
c - Shroud of Golubria    Chrm/Tloc      ##....       7%          2    ##.....
d - Ozocubu's Armour      Chrm/Ice       ##......     14%         3    ###....
e - Spectral Weapon       Hex/Chrm       ##......     14%         3    ###....

Your spell library contained the following spells:

 Spells                   Type           Power        Failure   Level  Hunger


Dungeon Overview and Level Annotations

Branches:
Dungeon (4/15)
 Temple: D:4-7

Altars:
Ru
Sif Muna
Vehumet

Annotations:
D:4 Pikel


Innate Abilities, Weirdness & Mutations

Your experience applies equally to all skills.
You have very sharp teeth.
Your uncanny sense of smell can sniff out nearby items.


Message History

Pikel zaps a wand.
Your will is overpowered!
You are confused.
You miss Pikel.
Pikel is almost dead.
You are feeling hungry.
Pikel hits you with a +1 whip of freezing!
* * * LOW HITPOINT WARNING * * *
Pikel freezes you.
* * * LOW HITPOINT WARNING * * *
You bump into the rock wall.
Pikel closely misses you.
You bump into the rock wall.
Pikel hits you but does no damage.
Unknown command.
You feel less confused.
You see here a ration.
You hit Pikel but do no damage.
Pikel is almost dead.
Pikel hits you with a +1 whip of freezing.
* * * LOW HITPOINT WARNING * * *
Pikel freezes you.
You die...

#.....# #.##### #.#
#.# #.# ∆ #.# #.#
###
..####.#######p....
..........@Kp.pp#
.....(..#########
....##### ... .. .


You could see Pikel and 4 slaves.

Vanquished Creatures
  A howler monkey (D:3)
  An orc priest (D:3)
  A worker ant (D:4)
  4 adders (D:3)
  2 oozes
  2 worms
  2 dart slugs
  A leopard gecko (D:1)
  9 orcs (D:3)
  2 giant cockroaches
  6 goblins
  10 hobgoblins
  4 kobolds (D:1)
  A quokka (D:2)
  A ball python (D:3)
  7 bats
  2 frilled lizards (D:1)
  7 rats
63 creatures vanquished.

Notes
Turn   | Place    | Note
-------+----------+-------------------------------------------
     0 | D:1      | raphialitos the Gnoll Skald began the quest for the Orb.
     0 | D:1      | Reached XP level 1. HP: 20/20 MP: 6/6
   185 | D:1      | Reached XP level 2. HP: 19/26 MP: 3/7
   718 | D:1      | Reached XP level 3. HP: 31/31 MP: 6/9
   894 | D:1      | Reached skill level 5 in Spellcasting
  1626 | D:2      | Reached skill level 1 in Invocations
  2090 | D:3      | Reached skill level 1 in Short Blades
  2090 | D:3      | Reached skill level 1 in Long Blades
  2090 | D:3      | Reached skill level 1 in Axes
  2090 | D:3      | Reached skill level 1 in Polearms
  2090 | D:3      | Reached skill level 1 in Staves
  2090 | D:3      | Reached skill level 1 in Slings
  2090 | D:3      | Reached skill level 1 in Bows
  2090 | D:3      | Reached skill level 1 in Crossbows
  2090 | D:3      | Reached skill level 1 in Throwing
  2090 | D:3      | Reached skill level 1 in Stealth
  2090 | D:3      | Reached skill level 1 in Shields
  2090 | D:3      | Reached skill level 1 in Unarmed Combat
  2090 | D:3      | Reached skill level 1 in Evocations
  2090 | D:3      | Reached XP level 4. HP: 38/38 MP: 7/11
  2286 | D:3      | Reached skill level 1 in Conjurations
  2286 | D:3      | Reached skill level 1 in Hexes
  2286 | D:3      | Reached skill level 1 in Summonings
  2286 | D:3      | Reached skill level 1 in Necromancy
  2286 | D:3      | Reached skill level 1 in Translocations
  2286 | D:3      | Reached skill level 1 in Transmutations
  2286 | D:3      | Reached skill level 1 in Fire Magic
  2286 | D:3      | Reached skill level 1 in Ice Magic
  2286 | D:3      | Reached skill level 1 in Air Magic
  2286 | D:3      | Reached skill level 1 in Earth Magic
  2286 | D:3      | Reached skill level 1 in Poison Magic
  2289 | D:3      | Reached XP level 5. HP: 30/43 MP: 6/12
  2320 | D:3      | Learned a level 2 spell: Song of Slaying
  2323 | D:3      | Learned a level 2 spell: Shroud of Golubria
  2327 | D:3      | Learned a level 3 spell: Ozocubu's Armour
  2892 | D:3      | Found a sacrificial altar of Ru.
  2894 | D:3      | Found a shimmering blue altar of Sif Muna.
  2927 | D:3      | Found a radiant altar of Vehumet.
  3286 | D:3      | Learned a level 3 spell: Spectral Weapon
  3536 | D:4      | Noticed a slave
  3537 | D:4      | Noticed a slave
  3538 | D:4      | Noticed Pikel
  3540 | D:4      | Noticed a slave
  3541 | D:4      | Noticed a slave
  3573 | D:4      | HP: 2/43 [Pikel/+1 whip of freezing (5)]
  3573 | D:4      | Slain by Pikel

Illustrated notes

Levels and vault maps discovered:
D:1:      dpeg_arrival_pond, layout_loops_ring
D:2:      layout_basic, minmay_tetromino_t2
D:3:      layout_loops_cross, nicolae_overflow_hidden_temple,
          chequers_serial_rivers_room_a, chequers_jeans
D:4:      layout_loops_ring, kennysheep_mini_moat, marbit_many_paths,
          overflow_temple_1_default, fedhas_altar_2, first_ration, uniq_duvessa,
          uniq_pikel

Skill      XL: |  1  2  3  4  5 |
---------------+----------------+-----
Spellcasting   | 5 |  5.2
Invocations    | 1 |  1.9
Short Blades   | 1 |  1.6
Long Blades    | 1 |  1.6
Axes           | 1 |  1.6
Polearms       | 1 |  1.6
Staves         | 1 |  1.6
Slings         | 1 |  1.6
Bows           | 1 |  1.6
Crossbows      | 1 |  1.6
Throwing       | 1 |  1.6
Stealth        | 1 |  1.6
Shields        | 1 |  1.6
Unarmed Combat | 1 |  1.6
Evocations     | 1 |  1.6
Conjurations   | 1 |  1.3
Hexes          | 1 |  1.3
Summonings     | 1 |  1.3
Necromancy     | 1 |  1.3
Translocations | 1 |  1.3
Transmutations | 1 |  1.3
Fire Magic     | 1 |  1.3
Ice Magic      | 1 |  1.3
Air Magic      | 1 |  1.3
Earth Magic    | 1 |  1.3
Poison Magic   | 1 |  1.3
Armour         | 3 |  3.1
Fighting       | |  4.8
Maces & Flails | |  4.8
Dodging        | |  4.8
Charms         | |  5.6

Action                   |  1- 3 |  4- 6 || total
-------------------------+-------+-------++-------
Melee: Mace              |    91 |    98 ||   189
       Bite              |     6 |    14 ||    20
       Punch             |       |     1 ||     1
 Cast: Infusion          |    19 |    10 ||    29
       Song of Slaying   |       |     2 ||     2
  Use: Scroll            |       |     8 ||     8
       Potion            |       |     1 ||     1
 Stab: Sleeping          |     1 |       ||     1
  Eat: Chunk             |     4 |     4 ||     8
Armor: Leather armour    |    29 |    28 ||    57
Dodge: Dodged            |    75 |    90 ||   165
